 Dungeon Crawl Stone Soup version 0.28.0 (webtiles) character file.

Game seed: 17002255518834811815

37 GrayStillPlays the Skirmisher (level 3, -1/29 HPs)
             Began as a Demonspawn Fighter on Feb 11, 2022.
             Slain by Terence (3 damage)
             ... on level 2 of the Dungeon.
             The game lasted 00:01:55 (1167 turns).

GrayStillPlays the Skirmisher (Demonspawn Fighter)  Turns: 1167, Time: 00:01:56

Health: -1/29      AC:  6    Str: 16    XL:     3   Next: 21%
Magic:  3/3        EV:  8    Int: 11    God:
Gold:   20         SH: 13    Dex: 12    Spells: 2/2 levels left

rFire   . . .      SeeInvis .   a - +0 war axe {axe}
rCold   . . .      Faith    .   c - +0 buckler
rNeg    . . .      Spirit   .   b - +0 scale mail
rPois   .          Reflect  +   (no helmet)
rElec   .          Harm     .   (no cloak)
rCorr   .          Rampage  .   (no gloves)
Will    .....                   (no boots)
Stlth   ..........              m - amulet of reflection
HPRegen 0.09/turn               (no ring)
MPRegen 0.08/turn               (no ring)

@: mighty
A: large bone plates 1
a: no special abilities


You were on level 2 of the Dungeon.
You visited 1 branch of the dungeon, and saw 2 of its levels.

You collected 20 gold pieces.


Innate Abilities, Weirdness & Mutations

You are partially covered in large bone plates. (SH +4)


   Skills:
 + Level 3.4 Fighting
 + Level 2.2 Axes
 + Level 3.1 Armour
 + Level 3.0 Shields


You had 2 spell levels left.
You didn't know any spells.
Your spell library was empty.

Inventory:

Hand Weapons
 a - a +0 war axe (weapon) {axe}
Missiles
 g - 37 stones (quivered) {throwing}
 k - 11 sling bullets
 o - 6 javelins {throwing}
Armour
 b - a +0 scale mail (worn)
 c - a +0 buckler (worn)
Jewellery
 m - an amulet of reflection (around neck)
   (You found it on level 1 of the Dungeon)
Scrolls
 e - a scroll of teleportation {unknown}
 f - 3 scrolls of identify {unknown}
 h - a scroll of fear {unknown}
 i - a scroll of enchant weapon {unknown}
 n - a scroll of amnesia {unknown}
Potions
 j - a potion of lignification {unknown}
 l - a potion of attraction {unknown}
 p - 2 potions of degeneration {unknown}

Dungeon Overview and Level Annotations

Branches:
Dungeon (2/15)

Altars:

Annotations:
D:2 Robin, Terence

#............
#...#.###.# #...#.#?#.#
#...#.###.#$#
#gg...g....#
#..#.###.#.
#...........
############gg#.#.#####
........@@Sggr<.#.#
#############.### #
#.... #.>.... #.######
#. #. #.


You could see Terence, 4 goblins, a ball python and a rat.


Message History

A frilled lizard is nearby!
An endoplasm comes into view.
The endoplasm quivers.
You block the frilled lizard's attack.
You slash the frilled lizard!
You kill the frilled lizard!
You slash the endoplasm!
You kill the endoplasm!
No target in view!
No target in view!
No target in view!
No target in view!
o - 6 javelins {throwing} A frilled lizard comes into view.
A frilled lizard is nearby!
You closely miss the frilled lizard.
You block the frilled lizard's attack. x2
You closely miss the frilled lizard.
The frilled lizard bites you but does no damage.
You slash the frilled lizard!
You kill the frilled lizard!
No target in view!
No target in view!
You see here a +0 club {mace}.
p - 2 fizzy ruby potions A dart slug comes into view.
A dart slug is nearby!
No reachable target in view!
No reachable target in view!
No reachable target in view!
You slash the dart slug!
You kill the dart slug!
You hit the bush but do no damage. x4
You open the door.
There is an open door here.
There is an open door here.
There is an open door here.
There is an open door here.
Done exploring.
Done exploring.
Sorry, you're not good enough to have a special ability.
There is a stone staircase leading down here.
You climb downwards.
Found a scroll labelled ANGETU VEENO.
Found a stone staircase leading down.
There is a stone staircase leading up here.
A rat is nearby!
Terence and 2 goblins come into view.
Terence is wielding a +2 short sword of holy wrath and wearing a +0 scale mail of fire resistance.
A kobold, a hobgoblin, a goblin and a ball python come into view.
The kobold shouts!
The hobgoblin shouts!
The goblin shouts!
The ball python hisses angrily.
A bat comes into view.
The rat twitches its whiskers.
A goblin comes into view. It is wielding a +0 club.
The bat moves out of view.
The goblin shouts!
You hear a shout! x2
You block Terence's attack.
Robin of the Strong Arm comes into view.
They are wielding a +0 dagger.
You block Terence's attack. The bat barely misses you.
You block the bat's attack. You block the bat's attack. x2
Terence shouts, "ATTACK!!!"
You block the bat's attack. You block the bat's attack.
You block the bat's attack.
You hit the bat.
You kill the bat!
You block Terence's attack.
You barely miss Terence. You block Terence's attack.
You closely miss Terence. Terence closely misses you.
Terence screams, "I want your blood!" Terence barely misses you.
You slash Terence!
Terence hits you with a +2 short sword of holy wrath.
You convulse. 😕 HP[-7]
You take 7 damage, and now have 22/29 hp.
MASSIVE DAMAGE!! (PAUSE)
You barely miss Terence.
Terence hits you with a +2 short sword of holy wrath.
You convulse.
You block Terence's attack. 😮 HP[-7]
You take 7 damage, and now have 15/29 hp.
MASSIVE DAMAGE!! (PAUSE)
You closely miss Terence. You block Terence's attack.
You barely miss Terence.
Terence hits you with a +2 short sword of holy wrath.
* * * LOW HITPOINT WARNING * * *
You convulse!
* * * LOW HITPOINT WARNING * * *
😱 HP[-14]
You take 14 damage, and now have 1/29 hp.
MASSIVE DAMAGE!! (PAUSE)
You feel very mighty all of a sudden. You block Terence's attack.
You slash Terence! You block Terence's attack.
Terence barely misses you. 😱 HP[+1]
You hit Terence.
Terence hits you with a +2 short sword of holy wrath.
You die...

Skill      XL: |  1  2 |
---------------+-------+-----
Axes           | 2 |  2.2
Armour         | 3 |  3.1
Shields        | 3 |  3.0
Fighting       | |  3.4

Action                   || total
-------------------------++-------
Melee: War axe           ||    77
  Use: Potion            ||     1
Armor: Scale mail        ||    34
Dodge: Dodged            ||    29
Block: Buckler           ||    46

Levels and vault maps discovered:
D:1:      lightli_arrival_chessboard, layout_basic, minmay_hedge_maze,
          minivault_4, minivault_5
D:2:      layout_basic, minmay_surrounded, uniq_terence, uniq_robin

Notes
Turn   | Place    | Note
-------+----------+-------------------------------------------
     0 | D:1      | GrayStillPlays the Demonspawn Fighter began the quest for
                  | the Orb.
     0 | D:1      | Reached XP level 1. HP: 18/18 MP: 1/1
     0 | D:1      | magus.rc [v1.9.6]
   254 | D:1      | Reached skill level 2 in Axes
   254 | D:1      | Gained mutation: You are partially covered in large bone
                  | plates. (SH +4) [demonic ancestry]
   254 | D:1      | Reached XP level 2. HP: 23/24 MP: 2/2
   606 | D:1      | Reached skill level 3 in Armour
   606 | D:1      | Reached skill level 3 in Shields
   701 | D:1      | Reached XP level 3. HP: 26/29 MP: 3/3
  1146 | D:2      | Noticed Terence
  1148 | D:2      | Noticed Robin
  1164 | D:2      | HP: 1/29 [Terence (8)]
  1167 | D:2      | Slain by Terence

Vanquished Creatures
  3 dart slugs (D:1)
  4 bats
  An endoplasm (D:1)
  3 giant cockroaches (D:1)
  A goblin (D:1)
  3 hobgoblins (D:1)
  A kobold (D:1)
  2 quokkas (D:1)
  5 ball pythons (D:1)
  3 frilled lizards (D:1)
  2 rats (D:1)
28 creatures vanquished.

Table legend:
 A = Non-vault XP
 B = Vault XP
 C = Vault XP percentage of total XP
 D = Non-vault monster count
 E = Vault monster count
 F = Vault count percentage of total count
                 A         B        C        D         E       F
            +---------+---------+-------+---------+---------+-------
      Total |      51 |       2 |   3.8 |      27 |       1 |   3.6
            +---------+---------+-------+---------+---------+-------
        D:1 |      51 |       0 |   0.0 |      27 |       0 |   0.0
        D:2 |       0 |       2 | 100.0 |       0 |       1 | 100.0
            +---------+---------+-------+---------+---------+-------

Illustrated notes

Table legend:
 A = Kills in this place as a percentage of kills in entire the game.
 B = Kills by you in this place as a percentage of kills by you in the entire game.
 C = Kills by friends in this place as a percentage of kills by friends in the entire game.
 D = Other kills in this place as a percentage of other kills in the entire game.
 E = Experience gained in this place as a percentage of experience gained in the entire game.
 F = Experience gained in this place divided by the number of levels of this place that you have seen.
                   A       B       C       D       E      F
               +-------+-------+-------+-------+-------+----------------------
         Total | 100.0 | 100.0 |   N/A |   N/A | 100.0 |  26.5
       Dungeon | 100.0 | 100.0 |   N/A |   N/A | 100.0 |  26.5
               +-------+-------+-------+-------+-------+----------------------

Table legend: (Time is in decaauts)
 A = Elapsed time spent in this place.
 B = Non-inter-level travel time spent in this place.
 C = Inter-level travel time spent in this place.
 D = Time resting spent in this place.
 E = Time spent auto-exploring this place.
 F = Levels seen in this place.
 G = Mean time per level.
                   A        B        C        D        E       F      G
               +--------+--------+--------+--------+--------+-----+--------+
         Total |   1200 |   1177 |     23 |      0 |    968 |   2 |  600.0 |
       Dungeon |   1200 |   1177 |     23 |      0 |    968 |   2 |  600.0 |
               +--------+--------+--------+--------+--------+-----+--------+

Top non-repeatable levels by time:
     D:1: 1175 daAuts
     D:2: 25 daAuts
